 Dungeon Crawl Stone Soup version 0.27.1-35-g4d5d836560 (webtiles) character file.

Game seed: 18406342118455606566

66 gzilladon the Shield-Bearer (level 4, -4/41 HPs)
             Began as a Gnoll Fighter on Oct 11, 2022.
             Succumbed to a scorpion's poison
             ... on level 2 of the Dungeon.
             The game lasted 00:02:08 (458 turns).

gzilladon the Shield-Bearer (Gnoll Fighter)          Turns: 458, Time: 00:02:09

Health: -4/41      AC:  7    Str: 17    XL:     4   Next: 15%
Magic:  4/5        EV:  8    Int:  7    God:
Gold:   43         SH: 10    Dex: 11    Spells: 5/5 levels left

rFire    . . .     SeeInvis .   a - +0 war axe
rCold    . . .     Faith    .   c - +0 kite shield
rNeg     . . .     Spirit   .   b - +0 scale mail
rPois    .         Reflect  .   (no helmet)
rElec    .         Harm     .   (no cloak)
rCorr    .         Rampage  .   (no gloves)
Will     .....                  (no boots)
Stlth    ..........             (no amulet)
HPRegen  0.13/turn              (no ring)
MPRegen  0.09/turn              (no ring)

@: lethally poisoned (-4 -> -27)
A: fangs 1, strong nose, distributed training
a: no special abilities


You were on level 2 of the Dungeon.
You visited 1 branch of the dungeon, and saw 2 of its levels.

You collected 43 gold pieces.

Inventory:

Hand Weapons
 a - a +0 war axe (weapon)
Missiles
 g - 48 stones (quivered)
Armour
 b - a +0 scale mail (worn)
 c - a +0 kite shield (worn)
Scrolls
 e - a scroll of teleportation {unknown}
 h - a scroll of acquirement {unknown}
 i - a scroll of fog {unknown}
 j - a scroll of noise {unknown}
Potions
 d - a potion of might
 f - a potion of magic {unknown}
 k - a potion of curing {unknown}


   Skills:
 + Level 6.6 Fighting
 + Level 1.0 Short Blades
 + Level 1.0 Long Blades
 + Level 4.6 Axes
 + Level 1.0 Maces & Flails
 + Level 1.0 Polearms
 + Level 1.0 Staves
 + Level 1.0 Slings
 + Level 1.0 Bows
 + Level 1.0 Crossbows
 + Level 1.0 Throwing
 + Level 6.6 Armour
 + Level 1.0 Dodging
 + Level 1.0 Stealth
 + Level 6.6 Shields
 + Level 1.0 Unarmed Combat
 + Level 1.0 Spellcasting
 + Level 0.8 Conjurations
 + Level 0.8 Hexes
 + Level 0.8 Summonings
 + Level 0.8 Necromancy
 + Level 0.8 Translocations
 + Level 0.8 Transmutations
 + Level 0.8 Fire Magic
 + Level 0.8 Ice Magic
 + Level 0.8 Air Magic
 + Level 0.8 Earth Magic
 + Level 0.8 Poison Magic
 + Level 1.1 Invocations
 + Level 1.0 Evocations


You had 5 spell levels left.
You didn't know any spells.
Your spell library was empty.

Dungeon Overview and Level Annotations

Branches:
Dungeon (2/15)

Altars:

Shops:
D:1 !

Annotations:
D:2 Natasha


Innate Abilities, Weirdness & Mutations

You have very sharp teeth.
Your uncanny sense of smell can sniff out nearby items.
Your experience applies equally to all skills.


Message History

The scorpion stings you. The adder bites you but does no damage.
You completely miss the adder. You closely miss the scorpion.
You miss the jackal.
You feel sick. You block the jackal's attack. The scorpion stings you.
You are more poisoned.
The scorpion poisons you! The adder barely misses you.
The jackal closely misses you.
The scorpion stings you but does no damage.
You slash the adder!
You kill the adder!
You hit the jackal. You closely miss the scorpion.
You feel very sick.
The jackal bites you but does no damage.
The scorpion stings you.
You are lethally poisoned!
The scorpion poisons you! The jackal barely misses you.
You block the scorpion's attack.
You have reached level 4!
You feel stronger.
* * * LOW HITPOINT WARNING * * *
You feel very sick. You block the jackal's attack. The scorpion stings you.
* * * LOW HITPOINT WARNING * * *
You block the jackal's attack.
Things that are here:
a +0 club; a +0 robe; the human corpse of Jessica You barely miss the scorpion.
The scorpion is heavily wounded.
You hit the jackal.
You kill the jackal!
* * * LOW HITPOINT WARNING * * *
You feel very sick.
Natasha, Servant of Life and Death comes into view.
The scorpion stings you.
* * * LOW HITPOINT WARNING * * *
You are more poisoned.
The scorpion poisons you!
You barely miss the scorpion.
The scorpion is heavily wounded.
You die...

......................#
...............>......#
........###......[###.#
#######..######+#+# .#
##.# ∆ #.# ###.
######.##.....
#....†††......
#....s@†......
#.............
..........#....
.h..#.....#....
....#....## ... ...
#..... .. .. ......
.....#.#


You could see a scorpion and Natasha (wandering).

Vanquished Creatures
  Jessica (D:2)
  An adder (D:2)
  An endoplasm (D:1)
  A giant cockroach (D:1)
  3 goblins (D:1)
  4 hobgoblins (D:1)
  5 jackals (D:2)
  A quokka (D:1)
  6 ball pythons
  3 bats
  2 frilled lizards (D:1)
  A rat (D:1)
29 creatures vanquished.

Notes
Turn   | Place    | Note
-------+----------+-------------------------------------------
     0 | D:1      | gzilladon the Gnoll Fighter began the quest for the Orb.
     0 | D:1      | Reached XP level 1. HP: 23/23 MP: 1/1
    22 | D:1      | Found Anlitwea's Distillery.
   102 | D:1      | Reached XP level 2. HP: 28/29 MP: 2/2
   439 | D:2      | Reached XP level 3. HP: 35/35 MP: 3/3
   440 | D:2      | Noticed Jessica
   444 | D:2      | Noticed a scorpion
   450 | D:2      | Killed Jessica
   451 | D:2      | Reached skill level 1 in Short Blades
   451 | D:2      | Reached skill level 1 in Long Blades
   451 | D:2      | Reached skill level 1 in Maces & Flails
   451 | D:2      | Reached skill level 1 in Polearms
   451 | D:2      | Reached skill level 1 in Staves
   451 | D:2      | Reached skill level 1 in Slings
   451 | D:2      | Reached skill level 1 in Bows
   451 | D:2      | Reached skill level 1 in Crossbows
   451 | D:2      | Reached skill level 1 in Throwing
   451 | D:2      | Reached skill level 1 in Dodging
   451 | D:2      | Reached skill level 1 in Stealth
   451 | D:2      | Reached skill level 1 in Unarmed Combat
   451 | D:2      | Reached skill level 1 in Spellcasting
   451 | D:2      | Reached skill level 1 in Invocations
   451 | D:2      | Reached skill level 1 in Evocations
   456 | D:2      | Reached XP level 4. HP: 16/41 MP: 3/5
   457 | D:2      | Noticed Natasha
   457 | D:2      | HP: 2/41 [scorpion (3)]
   458 | D:2      | Succumbed to a scorpion's poison

Illustrated notes

Levels and vault maps discovered:
D:1:      saegor_arrival_simple_c, layout_rooms, serial_shops, shop
D:2:      layout_basic, uniq_terence, uniq_natasha, uniq_jessica

Skill      XL: |  1  2  3 |
---------------+----------+-----
Short Blades   | 1 |  1.0
Long Blades    | 1 |  1.0
Maces & Flails | 1 |  1.0
Polearms       | 1 |  1.0
Staves         | 1 |  1.0
Slings         | 1 |  1.0
Bows           | 1 |  1.0
Crossbows      | 1 |  1.0
Throwing       | 1 |  1.0
Dodging        | 1 |  1.0
Stealth        | 1 |  1.0
Unarmed Combat | 1 |  1.0
Spellcasting   | 1 |  1.0
Invocations    | 1 |  1.1
Evocations     | 1 |  1.0
Fighting       | |  6.6
Axes           | |  4.6
Armour         | |  6.6
Shields        | |  6.6
Conjurations   | |  0.8
Hexes          | |  0.8
Summonings     | |  0.8
Necromancy     | |  0.8
Translocations | |  0.8
Transmutations | |  0.8
Fire Magic     | |  0.8
Ice Magic      | |  0.8
Air Magic      | |  0.8
Earth Magic    | |  0.8
Poison Magic   | |  0.8

Action                   |  1- 3 |  4- 6 || total
-------------------------+-------+-------++-------
Melee: War axe           |    57 |     2 ||    59
       Bite              |     2 |       ||     2
Armor: Scale mail        |    46 |       ||    46
Dodge: Dodged            |    28 |       ||    28
Block: Kite shield       |    45 |     2 ||    47
